Map: Dusk Towers

Players

MyInnerVoice

  • Race: Protoss Protoss
  • League: Diamond

LilDicky - Winner!

  • Race: Terran Terran
  • League: Diamond

VOD

http://www.twitch.tv/tumescentpie

Description

Time

  • Played on: Dec. 7, 2015, 9:22 p.m.
  • Length: 5:46
Show
View Real Time Build Order
Export as new Build Order

MyInnerVoice Protoss 

Build Orders: 1 Gate Expand, Blink Stalkers 

Get SALT Encoding   

  12  0:01  Probe (Chrono Boost)  
  13  0:14  Pylon  
  13  0:17  Probe (Chrono Boost)  
  14  0:27  Probe (Chrono Boost)  
  15  0:35  Gateway  
  15  0:38  Probe (Chrono Boost)  
  16  0:46  Assimilator  
  16  0:49  Probe (Chrono Boost)  
  17  0:59  Probe (Chrono Boost)  
  18  1:11  Probe (Chrono Boost)  
  19  1:19  Nexus  
  19  1:31  Cybernetics Core  
  19  1:33  Probe (Chrono Boost)  
  19  1:39  Assimilator  
  20  1:51  Pylon  
  20  1:53  Probe (Chrono Boost)  
  21  2:07  Mothership Core (Chrono Boost)  
  23  2:19  Stalker, Warp Gate (Chrono Boost)  
  25  2:26  Probe  
  26  2:36  Probe, Pylon  
  26  2:38  Probe  
  28  2:46  Probe  
  28  2:50  Probe  
  30  2:54  Twilight Council  
  30  2:57  Probe  
  30  3:02  Probe  
  32  3:08  Probe  
  32  3:09  Gateway  
  33  3:14  Probe  
  33  3:18  Probe  
  34  3:25  Robotics Facility  
  35  3:27  Probe  
  35  3:34  Blink (Chrono Boost)  
  36  3:39  Pylon  
  36  3:42  Probe  
  36  3:45  Probe  
  38  3:50  Gateway  
  38  4:00  Gateway  
  38  4:05  Gateway, Probe (Chrono Boost)  
  39  4:10  Probe (Chrono Boost)  
  39  4:12  Warp Prism  
  39  4:16  Probe (Chrono Boost)  
  43  4:28  Probe  
  44  4:31  Probe  
  44  4:36  Templar Archives  
  44  4:37  Assimilator  
  45  4:39  Assimilator  
  45  4:40  Probe  
  45  4:42  Forge  
  46  4:47  Observer  
  47  4:55  Probe (Chrono Boost)  
  47  4:58  Pylon  
  48  5:00  Probe (Chrono Boost)  
  49  5:07  Probe (Chrono Boost)  
  49  5:08  Observer  
  49  5:11  Probe (Chrono Boost)  
  52  5:17  Nexus  
  52  5:21  Pylon  
  52  5:23  Pylon  
  50  5:36  Adept x3  
  50  5:37  Adept x2  
Show
View Real Time Build Order
Export as new Build Order

LilDicky Terran - Winner!

Build Orders: MMM Bio 

Get SALT Encoding   

  12  0:01  SCV  
  13  0:15  SCV  
  13  0:18  Supply Depot  
  14  0:28  SCV  
  15  0:30  Refinery  
  15  0:40  SCV  
  16  0:47  Barracks  
  16  0:53  SCV  
  17  1:06  SCV  
  18  1:18  SCV  
  19  1:30  SCV  
  20  1:34  Supply Depot  
  20  1:35  Marine  
  20  1:39  Factory  
  21  1:42  Orbital Command  
  21  1:57  Marine  
  21  2:00  Barracks  
  22  2:06  Barracks  
  22  2:10  SCV  
  22  2:14  Refinery  
  23  2:18  Barracks Reactor  
  23  2:22  SCV  
  24  2:32  Supply Depot  
  24  2:34  SCV  
  25  2:38  Widow Mine  
  27  2:46  SCV  
  28  2:53  Barracks Tech Lab x2  
  28  2:56  Marine x2  
  30  2:58  SCV  
  30  3:04  Supply Depot  
  32  3:16  Marine  
  32  3:19  Stimpack  
  33  3:20  Combat Shields  
  33  3:21  Marine x2  
  31  3:27  SCV  
  31  3:29  Marine  
  31  3:34  Supply Depot, Marine  
  34  3:41  Starport  
  34  3:46  Marauder  
  36  3:48  Marine  
  36  3:55  Marauder  
  39  3:56  Marine  
  39  3:59  SCV  
  41  4:13  Marine, Marauder  
  41  4:14  Marine  
  41  4:16  Marauder  
  47  4:21  Medivac  
  50  4:26  Supply Depot  
  50  4:27  SCV  
  50  4:33  Widow Mine  
  54  4:38  Marauder, Marine  
  55  4:48  SCV, Marauder  
  55  4:49  Supply Depot  
  55  4:50  Concussive Shells  
  58  4:53  Medivac  
  60  5:01  SCV  
  61  5:18  Marauder x2, Marine x2  
Tags
 
Add a new tag
Caveats
  • Supply blocks, unpowered buildings, or Contaminate may cause inaccurate times.
  • Supply counts are checked every 10 seconds.